 Dungeon Crawl Stone Soup version 0.32-a0-999-gfa1cc04b1d (webtiles) character file.

Game seed: 6897043022976963481

10953 chippings the Fighter (level 11, -12/99 HPs)
             Began as a Red Draconian Wanderer on Apr 25, 2024.
             Was a Priest of Uskayaw.
             Mangled by a death yak (18 damage)
             ... in an ice cave.
             The game lasted 00:21:47 (8877 turns).

chippings the Fighter (Red Draconian Wanderer)      Turns: 8877, Time: 00:21:47

Health: -12/99     AC: 15    Str: 19    XL:     11   Next: 42%
Magic:  11/16      EV: 17    Int: 11    God:    Uskayaw [***...]
Gold:   600        SH:  0    Dex: 12    Spells: 10/10 levels left

rFire   + . .        K - +4 battleaxe
rCold   . . .        (shield currently unavailable)
rNeg    . . .        (body armour unavailable)
rPois   .            (helmet restricted)
rElec   .            s - +0 cloak
rCorr   .            c - +1 pair of gloves
SInv    .            H - +0 pair of boots
Will    .....        g - amulet of faith
Stlth   +++          i - +5 ring of evasion
HPRegen 0.36/turn    k - +4 ring of protection
MPRegen 0.15/turn

%: faith
@: no status effects
A: combustion breath, AC +7, unfitting armour, fire resistance 1, cold-blooded
a: Combustion Breath, Renounce Religion, Stomp, Line Pass


You were in an ice cave.
You worshipped Uskayaw.
Uskayaw was noncommittal.
You visited 2 branches of the dungeon, and saw 12 of its levels.
You also visited: Ice Cave.

You collected 825 gold pieces.
You spent 225 gold pieces at shops.

Inventory:

Hand Weapons
 J - a +3 war axe
 K - a +4 battleaxe (weapon)
Missiles
 b - 2 throwing nets
 f - 7 javelins
 r - 18 poisoned darts (quivered)
Armour
 c - a +1 pair of gloves (worn)
 s - a +0 cloak (worn)
 H - a +0 pair of boots (worn)
Jewellery
 a - an amulet of reflection
 g - an amulet of faith (around neck)
 i - a +5 ring of evasion (left hand)
 k - a +4 ring of protection (right hand)
 y - a ring of fire
 z - a ring of protection from cold
Wands
 t - a wand of flame (38)
 B - a wand of mindburst (17)
 E - a wand of polymorph (6)
 F - a wand of iceblast (8)
 P - a wand of quicksilver (4)
Scrolls
 e - a scroll of poison
 j - 7 scrolls of teleportation
 n - 4 scrolls of noise {unknown}
 p - 5 scrolls of immolation
 q - 2 scrolls of vulnerability
 w - 2 scrolls of revelation
 C - 5 scrolls of fear {unknown}
 I - a scroll of enchant weapon
 M - a scroll of enchant armour
 N - 3 scrolls of identify
 O - a scroll of acquirement {unknown}
Potions
 d - 2 potions of lignification
 h - 2 potions of berserk rage
 l - 2 potions of heal wounds {unknown}
 u - 2 potions of might {unknown}
 v - 2 potions of mutation
 x - 4 potions of curing
 A - 2 potions of haste {unknown}
 D - a potion of enlightenment {unknown}
 G - a potion of magic {unknown}
 L - 2 potions of attraction {unknown}
 Q - a potion of brilliance {unknown}


   Skills:
 - Level 10.0 Fighting
 + Level 9.2 Axes
 + Level 7.9 Throwing
 + Level 4.5 Dodging
 + Level 6.6 Stealth
 + Level 7.6 Invocations
 - Level 1.0 Evocations


You had 10 spell levels left.
You didn't know any spells.
Your spell library contained the following spells:

 Spells                   Type           Power      Damage    Failure   Level
 Sandblast                Erth           0%         2d4       34%         1
 Slow                     Hex            0%         N/A       34%         1
 Call Imp                 Summ           0%         N/A       47%         2
 Sublimation of Blood     Necr           0%         N/A       47%         2
 Passwall                 Erth           0%         N/A       71%         3
 Stone Arrow              Conj/Erth      0%         3d7       71%         3
 Freezing Cloud           Conj/Ice/Air   0%         6-21      100%        5
 Metabolic Englaciation   Hex/Ice        0%         N/A       100%        5
 Summon Hydra             Summ           0%         N/A       100%        7
 Maxwell's Capacitive Co  Air            0%         ∞         100%        8


Dungeon Overview and Level Annotations

Branches:
Dungeon (11/15)            Temple (1/1) D:4            Lair (0/5) D:11
    Orc (0/2) D:10          IceCv (1/1)

Altars:
Ashenzari
Cheibriados
Dithmenos
Elyvilon
Fedhas
Gozag
Hepliaklqana
Kikubaaqudgha
Makhleb
Nemelex Xobeh
Okawaru
Qazlal
Ru
Sif Muna
Trog
Uskayaw
Vehumet
Wu Jian
Xom
Yredelemnul
Zin
The Shining One
Beogh

Shops:
D:3 *   D:8 ?

Annotations:
D:8 3 runed translucent doors


Innate Abilities, Weirdness & Mutations

You can breathe blasts of explosive embers.
Your fiery red scales are hard. (AC +7)
You cannot fit into any form of body armour.
Your flesh is heat resistant. (rF+)
You are cold-blooded and may be slowed by cold attacks.


Message History

You slice the death yak!!
You tail-slap the death yak, but do no damage.
The death yak is heavily wounded.
You barely miss the death yak. The death yak completely misses you.
The death yak gores you but does no damage.
You can now pass through a line of other dancers.
Unknown command.
You barely miss the death yak.
The death yak is heavily wounded.
You hit the death yak. The death yak closely misses you.
The death yak misses you.
Unknown command.
You completely miss the death yak.
The death yak is heavily wounded.
You completely miss the death yak. The death yak barely misses you.
The death yak gores you but does no damage.
The death yak completely misses you. The death yak gores you.
Unknown command.
You slash the death yak!
You tail-slap the death yak, but do no damage.
The death yak is severely wounded.
You hit the death yak but do no damage. The death yak gores you! x2
Uskayaw will force your foes to helplessly watch your dance.
Uskayaw prepares the audience for your solo!
Unknown command.
The helpless death yak fails to defend itself.
You slice the death yak!!
The death yak is heavily wounded.
The helpless death yak fails to defend itself.
You hit the death yak.
The death yak is no longer paralysed. x2
The death yak gores you!
* * * LOW HITPOINT WARNING * * *
The death yak gores you!!
* * * LOW HITPOINT WARNING * * *
You stomp with the beat, sending a shockwave through the revellers around you!
The death yak is almost dead.
The death yak is severely wounded.
The death yak gores you!!
You die...
Your body falls in perfect tune with the rhythm.

##### ##...### ##
#.÷÷...## .
#÷.##...## #.
#...##...### .###
##..####...####...#
#####..####...##.⌠.#
#.##.#..###..##YY.#
.#..#....##..# #@.#
#.#.##..##..####..#
[#.##..##.....#..##
####..####.#[...##
##.## ######## ##..#
#...## ##...# #.††##


You could see 2 death yaks.

Vanquished Creatures
  A two-headed ogre (D:9)
  2 cyclopes (D:11)
  2 centaur zombies (D:11)
  An unseen horror (D:11)
  Maggie (D:6)
  A polar bear (IceCv)
  Grinder (D:4)
  Prince Ribbit (D:6)
  A vampire (D:11)
  A wraith (D:11)
  Sigmund (D:6)
  11 yaks
  4 wyverns (D:11)
  A steam dragon (D:8)
  6 vampire mosquitoes
  Edmund (D:6)
  An acid dragon (D:11)
  4 water moccasins
  A sky beast (D:8)
  5 orc warriors
  A black bear (D:5)
  3 centaurs
  5 wolves (IceCv)
  A phantom (D:5)
  2 kobold brigands
  3 bullfrogs
  A scorpion (D:6)
  11 wights
  8 killer bees
  2 howler monkeys
  A bombardier beetle (D:6)
  2 jellies
  2 hounds
  A gnoll bouda (D:7)
  8 orc priests
  2 iguanas
  5 orc wizards
  Terence (D:3)
  7 adders
  9 gnolls
  2 white imps
  2 dart slugs
  2 ribbon worms
  60 orcs
  3 ball pythons (D:1)
  9 bats
  3 endoplasms
  4 giant cockroaches
  6 goblins
  5 hobgoblins
  4 quokkas
  3 frilled lizards
  14 kobolds
  5 rats
244 creatures vanquished.

Vanquished Creatures (others)
  An orc wizard (D:7)
1 creature vanquished.

Grand Total: 245 creatures vanquished

Notes
Turn   | Place    | Note
-------+----------+-------------------------------------------
     0 | D:1      | chippings the Draconian Wanderer began the quest for the
                  | Orb.
     0 | D:1      | chippings set off with the following items: a +1 hand axe,
                  | 4 throwing nets, a +0 pair of gloves, a potion of
                  | lignification.
     0 | D:1      | Reached XP level 1. HP: 22/22 MP: 1/1
    24 | D:1      | Found a faded altar of an unknown god.
   144 | D:1      | Reached XP level 2. HP: 27/28 MP: 2/2
   676 | D:2      | Reached skill level 5 in Fighting
   676 | D:2      | Reached XP level 3. HP: 36/36 MP: 3/3
   839 | D:2      | Found a white marble altar of Elyvilon.
  1266 | D:3      | Found Yhanenes's Assorted Antiques.
  1269 | D:3      | Bought a scroll labelled IKIOQA ZIESU for 25 gold pieces
  1269 | D:3      | Bought a scroll labelled KUCSOPPADD for 25 gold pieces
  1269 | D:3      | Bought a scroll labelled MOVELI HEOBBU for 25 gold pieces
  1349 | D:3      | Reached XP level 4. HP: 42/42 MP: 4/4
  1411 | D:3      | Found a bloodstained altar of Trog.
  1507 | D:3      | Found a shadowy altar of Dithmenos.
  1773 | D:3      | Noticed Terence
  1795 | D:3      | Killed Terence
  1796 | D:3      | Reached skill level 1 in Throwing
  2013 | D:4      | Reached XP level 5. HP: 50/50 MP: 5/5
  2308 | D:4      | Reached skill level 6 in Fighting
  2378 | D:4      | Noticed Grinder
  2379 | D:4      | Paralysed by Grinder for 3 turns
  2402 | D:4      | Paralysed by Grinder for 4 turns
  2419 | D:4      | Killed Grinder
  2420 | D:4      | Reached XP level 6. HP: 23/58 MP: 6/6
  2507 | D:4      | You fall into a shaft and drop 1 floor!
  2507 | D:5      | Entered Level 5 of the Dungeon
  2601 | D:5      | Your scales start taking on a fiery red colour.
  2601 | D:5      | Reached XP level 7. HP: 64/64 MP: 7/7
  2601 | D:5      | Gained mutation: Your flesh is heat resistant. (rF+) [Red
                  | Draconian growth]
  2693 | D:5      | Reached skill level 7 in Fighting
  2721 | D:5      | Reached skill level 5 in Axes
  3275 | D:4      | Found a staircase to the Ecumenical Temple.
  3282 | Temple   | Entered the Ecumenical Temple
  3299 | Temple   | Became a worshipper of Uskayaw the Reveller
  3466 | D:4      | Found a faded altar of an unknown god.
  3466 | D:4      | Found an iron altar of Okawaru.
  3471 | D:4      | Found a sacrificial altar of Ru.
  3473 | D:4      | Found a shimmering blue altar of Sif Muna.
  3474 | D:4      | Found a glowing golden altar of the Shining One.
  3481 | D:4      | Reached * piety under Uskayaw
  3918 | D:6      | Reached ** piety under Uskayaw
  3920 | D:6      | Reached *** piety under Uskayaw
  3924 | D:6      | Reached **** piety under Uskayaw
  3949 | D:6      | Noticed Maggie
  3985 | D:6      | Killed Maggie
  3986 | D:6      | Reached XP level 8. HP: 51/74 MP: 8/8
  4112 | D:6      | Reached skill level 8 in Fighting
  4154 | D:6      | Noticed Prince Ribbit
  4175 | D:6      | Killed Prince Ribbit
  4176 | D:6      | Reached skill level 1 in Invocations
  4285 | D:6      | Noticed Edmund
  4312 | D:6      | Killed Edmund
  4313 | D:6      | Reached skill level 5 in Throwing
  4586 | D:6      | Noticed Sigmund
  4598 | D:6      | Killed Sigmund
  4820 | D:7      | Reached XP level 9. HP: 82/82 MP: 9/11
  4855 | D:7      | Reached ***** piety under Uskayaw
  5644 | D:8      | Found Vizosh's Magic Scroll Shop.
  5650 | D:8      | Bought a scroll of identify for 24 gold pieces
  5650 | D:8      | Bought a scroll of enchant weapon for 90 gold pieces
  5650 | D:8      | Bought a scroll of teleportation for 36 gold pieces
  5708 | D:8      | Found a runed translucent gate.
  5708 | D:8      | Found a runed translucent gate.
  5709 | D:8      | Found a runed translucent gate.
  5711 | D:8      | Noticed a rust devil
  5860 | D:8      | Reached skill level 9 in Fighting
  5927 | D:8      | Noticed a rust devil
  6198 | D:8      | Identified the +6 scale mail of Fedhas's Vengeance {rF+
                  | Str+3}
  6696 | D:9      | Noticed a two-headed ogre
  6701 | D:9      | Reached skill level 5 in Invocations
  6701 | D:9      | Reached XP level 10. HP: 84/91 MP: 13/13
  6711 | D:9      | Reached ****** piety under Uskayaw
  6716 | D:9      | Killed a two-headed ogre
  6996 | D:9      | Got the Octavo of the Hapless Wind
  7321 | D:10     | Entered Level 10 of the Dungeon
  7324 | D:10     | Found a roughly hewn altar of Beogh.
  7324 | D:10     | Found a staircase to the Orcish Mines.
  7335 | D:10     | Reached skill level 10 in Fighting
  7335 | D:10     | Reached skill level 5 in Stealth
  8137 | D:11     | Noticed a cyclops
  8146 | D:11     | Killed a cyclops
  8157 | D:11     | Reached XP level 11. HP: 59/99 MP: 12/16
  8420 | D:11     | Found a staircase to the Lair.
  8535 | D:11     | Found a frozen archway.
  8557 | IceCv    | Entered an ice cave
  8866 | IceCv    | Noticed a death yak
  8866 | IceCv    | Noticed a death yak
  8877 | IceCv    | Mangled by a death yak

Illustrated notes

Levels and vault maps discovered:
D:1:      dpeg_arrival_stone_temple_mockup, layout_rooms,
          shapermc_ecumenical_altar_flowoftime
D:2:      minmay_recursive_quarters, layout_loops_ring, basic_altar
D:3:      layout_basic, nicolae_dithmenos_shadow_blocks, trog_butcher_becter,
          serial_shops, nicolae_shop_behind_doors, uniq_terence
D:4:      layout_loops_ring, chequers_temple_overflow_minitemple,
          minmay_temple_entry_butterflies, hex_tiny, uniq_grinder
D:5:      layout_loops_ring, dk_vineyard_1
D:6:      layout_loops_ring, uniq_edmund, uniq_maggie, uniq_prince_ribbit1,
          uniq_sigmund
D:7:      layout_rooms, minmay_misc_feat_encased
D:8:      cheibrodos_iron_armory, layout_basic, serial_shops,
          nicolae_shop_tiny_statue_garden, hangedman_decor_diamond_cutter
D:9:      layout_roguey
D:10:     layout_irregular_city, david_orc_5
D:11:     regret_index_infernal_bastille, layout_cross, minmay_lair_entry_grove,
          portal_ice_cave_entry_pillars_1, nicolae_uskayaw_dance_studio
Temple:   eino_temple_scatter_basement
IceCv:    ice_cave_caverns_02

Skill      XL: |  1  2  3  4  5  6  7  8  9 10 11 |
---------------+----------------------------------+-----
Axes           | 2 3 4 5 6 7 8 9 |  9.2
Fighting       | 5 6 7 8 9 10 | 10.0
Throwing       | 1 2 3 4 5 6 7 |  7.9
Invocations    | 2 5 6 7 |  7.6
Stealth        | 2 4 5 6 |  6.6
Dodging        | 3 4 |  4.5
Evocations     | |  1.0

Action                     |  1- 3 |  4- 6 |  7- 9 | 10-12 || total
---------------------------+-------+-------+-------+-------++-------
  Melee: Hand axe          |   123 |   168 |   251 |       ||   542
         Tailslap          |    12 |    21 |    63 |    24 ||   120
         War axe           |       |       |   134 |       ||   134
         Battleaxe         |       |       |     4 |   178 ||   182
  Throw: Dart              |       |     4 |    10 |       ||    14
         Javelin           |       |     7 |     3 |       ||    10
         Throwing net      |       |     6 |     2 |       ||     8
 Invoke: Stomp             |       |       |     4 |     6 ||    10
         Line Pass         |       |       |       |     3 ||     3
Ability: Combustion Breath |       |       |     2 |     2 ||     4
    Use: Scroll            |     3 |     1 |     4 |       ||     8
         Potion            |       |       |       |     1 ||     1
   Stab: Sleeping          |     2 |     1 |     2 |     3 ||     8
         Held in net/web   |       |     2 |       |       ||     2
         Paralysed         |       |       |    21 |    29 ||    50
 Armour: Skin              |    64 |    69 |   247 |   191 ||   571
  Dodge: Dodged            |   112 |   127 |   319 |   257 ||   815
  Block: Buckler           |       |    17 |    69 |       ||    86

Table legend: (Time is in decaauts)
 A = Elapsed time spent in this place.
 B = Non-inter-level travel time spent in this place.
 C = Inter-level travel time spent in this place.
 D = Time resting spent in this place.
 E = Time spent auto-exploring this place.
 F = Levels seen in this place.
 G = Mean time per level.
                   A        B        C        D        E       F      G
               +--------+--------+--------+--------+--------+-----+--------+
         Total |   9022 |   8765 |    257 |    224 |   5493 |  13 |  694.0 |
       Dungeon |   8669 |   8412 |    257 |      0 |   5479 |  11 |  788.1 |
        Temple |     26 |     26 |      0 |      0 |      0 |   1 |   26.0 |
      Ice Cave |    326 |    326 |      0 |    224 |     14 |   1 |  326.0 |
               +--------+--------+--------+--------+--------+-----+--------+

Top non-repeatable levels by time:
     D:5: 978 daAuts
     D:9: 950 daAuts
     D:4: 944 daAuts
     D:7: 881 daAuts
     D:6: 875 daAuts
    D:10: 804 daAuts
     D:3: 768 daAuts
     D:8: 758 daAuts
     D:2: 742 daAuts
     D:1: 502 daAuts
    D:11: 464 daAuts
   IceCv: 326 daAuts
  Temple: 26 daAuts
